 Dungeon Crawl Stone Soup version 0.25-a0-366-g516bc45ae0 (webtiles) character file.

Game seed: 12122756423491932466, levelgen mode: deterministic

591 ANON1729 the Ducker (level 7, -12/47 HPs)
             Began as a Vampire Gladiator on Jan 6, 2020.
             Blown up by Ijyb (28 damage)
             ... with a disintegration bolt
             ... on level 5 of the Dungeon.
             The game lasted 00:08:53 (4078 turns).

ANON1729 the Ducker (Vampire Gladiator)             Turns: 4078, Time: 00:08:54

Health: -12/47     AC:  4    Str: 11 (13) XL:     7   Next: 16%
Magic:  7/7        EV: 15    Int:  8 (10) God:
Gold:   164        SH:  3    Dex: 16 (18) Spells: 6/6 levels left

rFire    . . .     SeeInvis +   a - +0 long sword
rCold    . . .     Gourm    .   (no shield)
rNeg     . . .     Faith    .   b - +0 leather armour
rPois    .         Spirit   .   c - +0 helmet
rElec    .         Reflect  +   (no cloak)
rCorr    +         Harm     .   (no gloves)
MR       .....                  (no boots)
Stlth    +.........             f - +3 amulet of reflection
HPRegen  0.35/turn              h - ring of resist corrosion
MPRegen  0.10/turn              (no ring)

@: regenerating quickly
A: no food, fangs 3, see invisible, [frail 1], unbreathing
a: Exsanguinate


You were on level 5 of the Dungeon.
You were alive.

You visited 1 branch of the dungeon, and saw 6 of its levels.
You also visited: Sewer.

You collected 164 gold pieces.

Inventory:

Hand Weapons
 a - a +0 long sword (weapon)
Missiles
 d - 3 throwing nets (quivered)
Armour
 b - a +0 leather armour (worn)
 c - a +0 helmet (worn)
Jewellery
 f - a +3 amulet of reflection (around neck)
 h - a ring of resist corrosion (left hand)
 s - an uncursed ring of resist corrosion
Scrolls
 e - 7 scrolls of remove curse {unknown}
 i - 3 scrolls of teleportation {unknown}
 j - 5 scrolls of identify {unknown}
 p - a scroll of amnesia {unknown}
 q - a scroll of magic mapping {unknown}
 r - a scroll of enchant armour {unknown}
 u - a scroll of fear {unknown}
 w - a scroll of blinking {unknown}
 x - a scroll of fog {unknown}
Potions
 g - a potion of agility {unknown}
 k - 6 potions of haste {unknown}
 l - a potion of berserk rage {unknown}
 m - 2 potions of heal wounds {unknown}
 n - 3 potions of curing {unknown}
 o - a potion of mutation {unknown}
 t - 2 potions of might {unknown}
 v - 2 potions of magic {unknown}


   Skills:
 + Level 3.8 Fighting
 + Level 4.7 Long Blades
 - Level 3.0 Throwing
 - Level 2.0 Armour
 + Level 5.1 Dodging


You had 6 spell levels left.
You didn't know any spells.
Your spell library was empty.

Dungeon Overview and Level Annotations

Branches:
Dungeon (6/15)              Sewer (visited)
 Temple: D:4-7

Altars:
Hepliaklqana
Okawaru
Xom

Annotations:
D:4 Grinder
D:5 Ijyb


Innate Abilities, Weirdness & Mutations

You do not eat.
Your natural rate of healing is unusually fast.
You have razor-sharp teeth.
You have supernaturally acute eyesight. (SInv)
You can survive without breathing.
[You are frail. (-10% HP)]


Message History

There is a stone staircase leading up here.
The bullfrog croaks.
The worker ant misses you.
The bullfrog swells and bulges.
The bullfrog hits you but does no damage.
The worker ant barely misses you.
You climb upwards.
You hear the hiss of flowing sand.
There is an entrance to an ossuary on this level.
Hurry and find it before the portal is buried!
Level annotation: Ijyb Ijyb zaps a wand.
You are blasted!
Ouch! That really hurt!
The giant cockroach barely misses you.
There is a stone staircase leading down here.
Ijyb closely misses you.
A centaur comes into view.
The giant cockroach bites you but does no damage.
Ijyb zaps a wand.
You are blasted!
Ouch! That really hurt!
You die...

..####.....#....
.......#.....(....
##...............
##..........## #..
.......<.....###.#
#..........#..##.#
##.........##....#
##.....##...##..###
..............g@.$##
##.............s....#
............#.a###..#
###.....#####.>#
#.... ...... #..#
#.... ...# #...# ##..
.## #..#.. c #.##...
.. ....


You could see Ijyb, a centaur (sleeping), a worker ant and a giant cockroach.

Vanquished Creatures
  The ghost of qipq the Pure, an amateur DsAK of Lugonu (D:3)
  2 ogres
  A howler monkey (D:4)
  A hound (D:4)
  9 adders
  A river rat (D:4)
  An adder skeleton (D:4)
  6 worms (D:4)
  4 leopard geckos
  8 orcs
  5 ball pythons
  10 bats
  3 giant cockroaches
  5 goblins
  8 hobgoblins
  19 jackals
  15 kobolds
  A quokka (D:4)
  9 frilled lizards
  9 rats
  A plant (Sewer)
119 creatures vanquished.

Vanquished Creatures (others)
  A kobold (Sewer)
  A plant (Sewer)
2 creatures vanquished.

Grand Total: 121 creatures vanquished

Notes
Turn   | Place    | Note
-------+----------+-------------------------------------------
     0 | D:1      | ANON1729 the Vampire Gladiator began the quest for the Orb.
     0 | D:1      | Reached XP level 1. HP: 16/16 MP: 1/1
   107 | D:1      | Reached XP level 2. HP: 20/22 MP: 2/2
   338 | D:1      | Reached XP level 3. HP: 21/27 MP: 3/3
   733 | D:2      | Found a shimmering altar of Xom.
   763 | D:2      | Found an iron altar of Okawaru.
   771 | D:2      | Noticed an ogre
   779 | D:2      | Killed an ogre
   779 | D:2      | Reached skill level 4 in Dodging
   779 | D:2      | Reached XP level 4. HP: 19/34 MP: 4/4
  1515 | D:3      | Reached XP level 5. HP: 32/40 MP: 5/5
  1632 | D:3      | Found a runed translucent door.
  1633 | D:3      | Noticed qipq's ghost (amateur DsAK)
  1655 | D:3      | Noticed an ice beast
  2369 | D:3      | Killed qipq's ghost
  2369 | D:3      | Reached skill level 1 in Armour
  2369 | D:3      | Reached XP level 6. HP: 38/47 MP: 6/6
  2421 | D:4      | Noticed Grinder
  2489 | D:4      | Found a hazy altar of Hepliaklqana.
  2795 | D:4      | Reached skill level 5 in Dodging
  2795 | D:4      | Reached XP level 7. HP: 48/52 MP: 7/7
  2899 | D:4      | Found a glowing drain.
  2908 | Sewer    | Entered a sewer
  4054 | D:4      | Paralysed by Grinder for 3 turns
  4059 | D:5      | Entered Level 5 of the Dungeon
  4059 | D:5      | Noticed Ijyb
  4078 | D:5      | Blown up by Ijyb

Levels and vault maps discovered:
D:1:      lemuel_arrival_cross, layout_loops_ring
D:2:      layout_basic, lemuel_doored_altar, serial_curves, eino_curves_03,
          eino_curves_02, eino_curves_04, eino_curves_02, okawaru_trees_2
D:3:      layout_loops_ring, ebering_ghost_sewer_d, first_ration
D:4:      layout_rooms, kennysheep_mini, lightli_sewer_entry_pipes, hex_large,
          uniq_grinder
D:5:      layout_rooms, enter_ossuary_4, nicolae_ru_path_of_blood, uniq_ijyb
D:6:      minmay_octagon_keep, layout_basic, kennysheep_mini_moat

Skill      XL: |  1  2  3  4  5  6  7 |
---------------+----------------------+-----
Fighting       | 2 3 |  3.8
Throwing       | 2 3 |  3.0
Dodging        | 4 5 |  5.1
Long Blades    | 4 |  4.7
Armour         | 1 2 |  2.0

Action                   |  1- 3 |  4- 6 |  7- 9 || total
-------------------------+-------+-------+-------++-------
Melee: Long sword        |    87 |   158 |   176 ||   421
       Bite              |    12 |    19 |    52 ||    83
       Unarmed           |       |       |   205 ||   205
 Abil: End Transformatio |       |       |     1 ||     1
       Bat Form          |       |       |     1 ||     1
       Exsanguinate      |       |       |     1 ||     1
       Revivify          |       |       |     1 ||     1
 Stab: Sleeping          |     1 |     1 |     2 ||     4
Armor: Leather armour    |    32 |    30 |    25 ||    87
Dodge: Dodged            |    88 |   120 |   231 ||   439
Block: Other             |    13 |    22 |    30 ||    65
       Reflection        |       |       |     1 ||     1
       Rpst.: Long sword |    28 |    40 |    24 ||    92

Table legend:
 A = Non-vault XP
 B = Vault XP
 C = Vault XP percentage of total XP
 D = Non-vault monster count
 E = Vault monster count
 F = Vault count percentage of total count
                 A         B        C        D         E       F
            +---------+---------+-------+---------+---------+-------
      Total |     524 |     321 |  38.0 |      79 |      39 |  33.1
            +---------+---------+-------+---------+---------+-------
        D:1 |      42 |       0 |   0.0 |      24 |       0 |   0.0
        D:2 |     153 |       0 |   0.0 |      19 |       0 |   0.0
        D:3 |      91 |     200 |  68.7 |      24 |       2 |   7.7
        D:4 |     238 |      73 |  23.5 |      12 |      13 |  52.0
      Sewer |       0 |      48 | 100.0 |       0 |      24 | 100.0
            +---------+---------+-------+---------+---------+-------
